 Dungeon Crawl Stone Soup version 0.22.0-40-g68aacdc (webtiles) character file.

18599 nightchill the Summoner (level 12, -7/75 HPs)
             Began as a Tengu Summoner on Aug 26, 2018.
             Was a High Priest of Ashenzari.
             Killed by divine providence
             ... invoked by an orc priest
              (12 damage)
             ... while paralysed by an orc sorcerer
             ... on level 1 of the Orcish Mines on Sept 1, 2018.
             The game lasted 03:59:59 (25748 turns).

nightchill the Summoner (Tengu Summoner)           Turns: 25748, Time: 03:59:59

Health: -7/75      AC:  7    Str: 11    XL:     12   Next: 60%
Magic:  34/34      EV:  2    Int: 18    God:    Ashenzari [*****.]
Gold:   1496       SH:  0    Dex: 15    Spells: 8/27 levels left

rFire    . . .     SeeInvis +   N - +4 halberd (curse)
rCold    . . .     Gourm    +   (shield currently unavailable)
rNeg     . . .     Faith    .   V - +0 acid dragon scales
rPois    .         Spirit   .   (helmet restricted)
rElec    .         Reflect  .   (no cloak)
rCorr    +         Harm     .   L - +0 pair of gloves (curse)
MR       .....     Clarity  +   (boots unavailable)
Stlth    ++........             G - amulet of the gourmand (curse)
HPRegen  0.22/turn              i - ring of magical power (curse)
MPRegen  0.24/turn              H - +5 ring of evasion

@: paralysed, flying quickly and evasively, quick
A: beak, talons 3, able to fly 1
a: Curse Item, Scrying, Transfer Knowledge, Renounce Religion


You were on level 1 of the Orcish Mines.
You worshipped Ashenzari.
Ashenzari was extremely pleased with you.
You were very full.

You visited 4 branches of the dungeon, and saw 19 of its levels.

You collected 1496 gold pieces.

Inventory:

Hand Weapons
 b - a +3 hunting sling
 N - a cursed +4 halberd (weapon)
 X - a +0 trident
Missiles
 e - 501 stones (quivered)
 B - 3 throwing nets
 I - 5 tomahawks
Armour
 t - a +0 buckler
 w - a +1 leather armour
 L - a cursed +0 pair of gloves (worn)
 R - +0 steam dragon scales
 V - +0 acid dragon scales (worn)
Jewellery
 i - a cursed ring of magical power (left hand)
 z - an uncursed ring of stealth
 A - an uncursed ring of ice
 G - a cursed amulet of the gourmand (around neck)
 H - a +5 ring of evasion (right hand)
Wands
 f - a wand of paralysis (9)
 p - a wand of clouds (13)
 x - a wand of enslavement (21)
 y - a wand of flame (26)
 D - a wand of acid (19)
 M - a wand of digging (15)
 S - a wand of scattershot (4)
Scrolls
 h - 2 scrolls of remove curse
 j - 4 scrolls of immolation
 l - 13 scrolls of teleportation
 q - 2 scrolls of blinking
 r - a scroll of magic mapping
 C - a scroll of amnesia
 E - 2 scrolls of fog
 F - 2 scrolls of enchant armour
Potions
 a - a potion of invisibility
 d - 2 potions of cancellation
 g - 3 potions of brilliance
 k - 3 potions of might
 m - 4 potions of agility
 n - a potion of magic
 s - 2 potions of flight
 u - 4 potions of curing
 v - a potion of mutation {unknown}
 J - a potion of lignification
 K - 2 potions of heal wounds
Miscellaneous
 o - a phial of floods
 O - a lamp of fire
 P - a sack of spiders
Comestibles
 c - 16 rations


   Skills:
 + Level 8.8 Fighting
 + Level 6.6(11.7) Polearms
 + Level 9.2 Dodging
 - Level 2.0 Stealth
 - Level 4.0 Shields
 + Level 8.0 Spellcasting
 - Level 3.0(5.3) Conjurations
 - Level 9.6(12.1) Summonings
 - Level 0.7(2.0) Translocations
 - Level 3.0(5.3) Fire Magic
 - Level 6.0(8.8) Ice Magic
 - Level 6.0(8.7) Air Magic
 + Level 4.0(6.5) Evocations


You had 8 spell levels left.
You knew the following spells:

 Your Spells              Type           Power        Failure   Level  Hunger
a - Summon Small Mammal   Summ           ####         1%          1    None
b - Call Imp              Summ           ######..     1%          2    None
c - Call Canine Familiar  Summ           ######..     1%          3    #......
d - Summon Lightning Spi  Summ/Air       #####...     1%          4    ###....
e - Summon Ice Beast      Ice/Summ       #####...     1%          4    ###....
f - Conjure Flame         Conj/Fire      ####....     4%          3    #......
g - Blink                 Tloc           N/A          10%         2    None

Your spell library contained the following spells:

 Spells                   Type           Power        Failure   Level  Hunger
 Flame Tongue             Conj/Fire      ####.        1%          1    None
 Magic Dart               Conj           ####         1%          1    None
 Searing Ray              Conj           ####..       2%          2    None
 Throw Flame              Conj/Fire      ####..       2%          2    None
 Summon Guardian Golem    Hex/Summ       ####....     3%          3    #......
 Mephitic Cloud           Conj/Pois/Air  ###.....     6%          3    #......
 Animate Skeleton         Necr           N/A          13%         1    None
 Pain                     Necr           #...         13%         1    None
 Dazzling Spray           Conj/Hex       ###...       14%         3    #......
 Inner Flame              Hex/Fire       ###.....     14%         3    #......
 Iskenderun's Mystic Bla  Conj           ####....     17%         4    ###....
 Sticky Flame             Conj/Fire      ####....     17%         4    ###....
 Slow                     Hex            #.......     21%         2    None
 Force Lance              Conj/Tloc      ###.....     32%         4    ###....
 Regeneration             Chrm/Necr      #.........   36%         3    #......
 Vampiric Draining        Necr           #.........   36%         3    #......
 Fulminant Prism          Conj/Hex       ###.......   43%         4    ###....
 Fireball                 Conj/Fire      ####......   43%         5    #####..
 Animate Dead             Necr           N/A          78%         4    ###....


Dungeon Overview and Level Annotations

Branches:
Dungeon (11/15)            Temple (1/1) D:7            Lair (5/6) D:9
 Shoals (0/4) Lair:3        Snake (0/4) Lair:4        Slime (0/5) Lair:5
    Orc (2/2) D:9             Elf (0/3) Orc:2

Altars:
Ashenzari
Cheibriados
Dithmenos
Elyvilon
Fedhas
Gozag
Hepliaklqana
Kikubaaqudgha
Makhleb
Nemelex Xobeh
Qazlal
Sif Muna
Uskayaw
Vehumet
Wu Jian
Xom
Yredelemnul
Zin
The Shining One
Jiyva

Shops:
D:5 (   D:9 *

Annotations:
D:2 exclusion: downstairs
D:3 !sigmund, exclusion: door, Sigmund
D:4 exclusion: downstairs
D:9 2 transporters, exclusions: downstairs and 2 more exclusions, Hiatef's ghost, journeyman MiFi
D:11 not ready for this yet
Lair:2 2 transporters, Terandir's ghost, journeyman MiFi
Lair:3 exclusion: downstairs
Lair:4 1 runed door, exclusion: door, Juriluv's ghost, journeyman MiBe
Lair:5 slow and steady


Innate Abilities, Weirdness & Mutations

You have a beak for a mouth.
You have claws for feet.
You can fly.


Message History

The orc hits you but does no damage.
The orc sorcerer gestures at you while chanting.
You shrug off the repeated paralysis!
An orc comes into view. It is wielding a hand axe.
The orc warrior hits you with a trident!
The orc hits you.
The orc sorcerer gestures wildly while chanting.
The orc warrior hits you with a trident!
The orc hits you.
The orc wizard hits you but does no damage.
The orc warrior hits you with a trident!
An orc comes into view. It is wielding a short sword.
The orc wizard hits you with a dagger.
* * * LOW HITPOINT WARNING * * *
The hellwing hits you but does no damage. x2
The orc warrior hits you with a trident!!
* * * LOW HITPOINT WARNING * * *
The orc priest mumbles some strange prayers to Beogh against you.
Beogh smites you!
You die...

, * , ,,,,* * ## *
.......... *,
*,**#.#* ..o....... ,
,
,*....##........#,,,*
*, ,,
.............##, * ,
,,.....#......... ,,
,, .............##, ,
,,, ,,......o........
, * , .....oo@o......
, * *,,
*,,,*.#.o..o.4......
,, , .....o.#o......
, , ,
,,.o.....,....... ,*
, ,,....... .......
,*,** , ,.......
....... * ,,
,.......,.....##**, *
, .......,.....# *,,,
** , ,,* ,, , ,, , ,
,*


You could see a hellwing, an orc sorcerer, an orc warrior, an orc priest, 2 orc
wizards and 5 orcs.

Vanquished Creatures
  An unseen horror (D:11)
  A black mamba (Lair:5)
  2 spiny frogs
  2 kobold demonologists (D:11)
  Grinder (D:3)
  A basilisk (Lair:5)
  7 yaks
  2 water moccasins
  A black bear (Lair:3)
  A phantom (D:10)
  An orc warrior (D:10)
  2 ogres
  A centaur (D:8)
  A wolf (Lair:3)
  A crocodile (Lair:3)
  A big kobold (D:11)
  4 bullfrogs
  A crimson imp (D:5)
  2 bullfrog zombies
  A bullfrog skeleton (D:8)
  An orc wizard (Orc:1)
  Jessica (D:3)
  A worker ant (D:6)
  3 iguanas
  2 adders (D:2)
  A howler monkey skeleton (D:9)
  A river rat (D:5)
  An ooze (D:3)
  A leopard gecko (D:2)
  8 orcs
  A giant cockroach (D:4)
  4 rats
  2 plants
61 creatures vanquished.

Vanquished Creatures (collateral kills)
  Harold (D:7)
  3 hydras
  3 two-headed ogres
  6 death yaks (Lair:4)
  An orc sorcerer (Orc:2)
  2 black mambas
  8 spiny frogs
  A kobold demonologist (D:11)
  2 rime drakes
  4 komodo dragons
  A polar bear (D:9)
  4 blink frogs (Lair:3)
  2 hippogriffs
  3 basilisks
  29 yaks
  2 steam dragons
  4 wargs (Orc:1)
  6 nagas (Lair:4)
  An acid dragon (D:10)
  7 water moccasins
  7 porcupines
  7 orc warriors
  2 sky beasts
  3 ice beasts
  A black bear (D:6)
  A necrophage (D:6)
  5 ogres
  7 centaurs
  8 wolves
  2 crocodiles
  11 bullfrogs
  2 wyvern skeletons
  3 scorpions
  10 killer bees
  7 wights
  3 howler monkeys
  2 electric eels
  A crimson imp (D:6)
  2 hounds
  9 orc priests
  A jelly (D:3)
  11 orc wizards
  A gnoll shaman (D:8)
  6 iguanas
  7 worker ants
  A killer bee zombie (D:5)
  A hound skeleton (D:9)
  2 howler monkey zombies (D:6)
  8 gnolls
  19 adders
  A howler monkey skeleton (D:7)
  5 river rats (D:5)
  2 shadow imps
  An ufetubus (D:9)
  An ooze (D:1)
  An adder skeleton (D:6)
  An adder zombie (D:9)
  5 worms
  2 dart slugs
  6 leopard geckos
  30 orcs
  A ball python (D:3)
  3 giant cockroaches
  13 goblins
  13 hobgoblins
  17 jackals
  8 kobolds
  4 quokkas
  9 bats
  6 frilled lizards
  6 rats
  A fungus (Lair:3)
376 creatures vanquished.

Vanquished Creatures (others)
  A jelly (D:7)
  A fungus (Lair:3)
  A plant (Lair:4)
3 creatures vanquished.

Grand Total: 440 creatures vanquished

Notes
Turn   | Place    | Note
-------+----------+-------------------------------------------
     0 | D:1      | nightchill the Tengu Summoner began the quest for the Orb.
     0 | D:1      | Reached XP level 1. HP: 10/10 MP: 4/4
   321 | D:1      | Reached skill level 5 in Summonings
   521 | D:1      | Reached XP level 2. HP: 16/16 MP: 3/6
   525 | D:1      | Learned a level 2 spell: Call Imp
  1263 | D:1      | Reached XP level 3. HP: 16/20 MP: 4/7
  1663 | D:2      | Learned a level 3 spell: Call Canine Familiar
  1778 | D:2      | Reached skill level 1 in Fighting
  2951 | D:2      | Reached XP level 4. HP: 25/25 MP: 0/8
  3847 | D:3      | Noticed Grinder
  4399 | D:3      | Gained mutation: You can fly. [Tengu growth]
  4399 | D:3      | Reached XP level 5. HP: 30/30 MP: 5/10
  4448 | D:3      | Paralysed by Grinder for 6 turns
  4463 | D:3      | Killed Grinder
  4463 | D:3      | Reached XP level 6. HP: 26/36 MP: 0/11
  4569 | D:3      | Learned a level 4 spell: Summon Lightning Spire
  4981 | D:3      | Noticed Jessica
  5016 | D:3      | Killed Jessica
  5114 | D:3      | Found a runed door.
  5163 | D:3      | Found a radiant altar of Vehumet.
  5248 | D:3      | Noticed Sigmund
  5921 | D:4      | Reached skill level 1 in Air Magic
  6541 | D:5      | Entered Level 5 of the Dungeon
  6683 | D:5      | Found a stormy altar of Qazlal.
  6800 | D:5      | Found Pocuzil's Weapon Shoppe.
  6969 | D:5      | Reached XP level 7. HP: 41/41 MP: 5/13
  7815 | D:5      | Noticed a two-headed ogre
  7830 | D:5      | Killed a two-headed ogre
  7830 | D:5      | Reached XP level 8. HP: 48/48 MP: 15/15
  7836 | D:5      | Learned a level 4 spell: Summon Ice Beast
  8257 | D:5      | Reached skill level 5 in Air Magic
  9356 | D:6      | Reached skill level 1 in Ice Magic
  9884 | D:6      | Found a hide-covered altar of Uskayaw.
 10152 | D:6      | Found an opulent altar of Gozag.
 10156 | D:6      | Found an ancient bone altar of Kikubaaqudgha.
 10864 | D:7      | Reached XP level 9. HP: 52/52 MP: 16/16
 11002 | D:7      | Noticed Harold
 11017 | D:7      | Killed Harold
 11229 | D:7      | Found a staircase to the Ecumenical Temple.
 11238 | Temple   | Entered the Ecumenical Temple
 11302 | Temple   | Became a worshipper of Ashenzari the Shackled
 11779 | D:8      | Found an ornate altar of the Wu Jian Council.
 12261 | D:8      | Reached skill level 1 in Shields
 12530 | D:8      | Found a glowing silver altar of Zin.
 12880 | D:8      | Noticed a two-headed ogre
 12914 | D:8      | Killed a two-headed ogre
 13069 | D:9      | Reached skill level 5 in Fighting
 13069 | D:9      | Reached skill level 5 in Spellcasting
 13144 | D:9      | Noticed a polar bear
 13159 | D:9      | Killed a polar bear
 13159 | D:9      | Reached skill level 5 in Dodging
 13228 | D:9      | Found a staircase to the Orcish Mines.
 13313 | D:9      | Reached XP level 10. HP: 24/59 MP: 18/18
 13929 | D:9      | Learned a level 3 spell: Conjure Flame
 13946 | D:9      | Found a transporter.
 13947 | D:9      | Noticed Hiatef's ghost (journeyman MiFi)
 13948 | D:9      | Noticed a two-headed ogre
 13955 | D:9      | Noticed a two-headed ogre
 13957 | D:9      | Found a transporter.
 14399 | D:9      | Found Fov Ettemm's Assorted Antiques.
 14401 | D:9      | Found a staircase to the Lair.
 14488 | D:9      | Reached skill level 1 in Conjurations
 14531 | D:9      | Reached skill level 1 in Fire Magic
 15052 | Lair:1   | Entered Level 1 of the Lair of Beasts
 15285 | Lair:1   | Reached * piety under Ashenzari
 16070 | Lair:2   | Noticed a spiny frog
 16078 | Lair:2   | Killed a spiny frog
 16424 | Lair:2   | Noticed a spiny frog
 16524 | Lair:2   | Reached skill level 1 in Polearms
 16609 | Lair:2   | Reached ** piety under Ashenzari
 16613 | Lair:2   | Noticed a spiny frog
 16623 | Lair:2   | Killed a spiny frog
 17019 | Lair:2   | Found a transporter.
 17021 | Lair:2   | Noticed Terandir's ghost (journeyman MiFi)
 17023 | Lair:2   | Noticed an eight-headed hydra
 17050 | Lair:2   | Found a transporter.
 17108 | Lair:2   | Killed a spiny frog
 17270 | Lair:3   | Noticed a four-headed hydra
 17279 | Lair:3   | Killed a six-headed hydra
 17279 | Lair:3   | Reached XP level 11. HP: 66/66 MP: 17/21
 17444 | Lair:3   | Found a staircase to the Shoals.
 17860 | Lair:3   | Reached *** piety under Ashenzari
 18244 | Lair:3   | Reached skill level 1 in Evocations
 18744 | Lair:4   | Noticed a four-headed hydra
 18754 | Lair:4   | Killed a four-headed hydra
 18923 | Lair:4   | Found a staircase to the Snake Pit.
 18955 | Lair:4   | Noticed a seven-headed hydra
 18963 | Lair:4   | Killed a seven-headed hydra
 19078 | Lair:4   | Noticed a death yak
 19078 | Lair:4   | Noticed a death yak
 19078 | Lair:4   | Noticed a death yak
 19078 | Lair:4   | Noticed a death yak
 19079 | Lair:4   | Noticed a death yak
 19099 | Lair:4   | Killed a death yak
 19125 | Lair:4   | Killed a death yak
 19165 | Lair:4   | Noticed a death yak
 20385 | Lair:4   | Killed a death yak
 20385 | Lair:4   | Reached skill level 5 in Polearms
 20401 | Lair:4   | Killed a death yak
 20401 | Lair:4   | Reached XP level 12. HP: 73/73 MP: 2/23
 20585 | Lair:4   | Killed a death yak
 20599 | Lair:4   | Killed a death yak
 20792 | Lair:4   | Found a runed door.
 20792 | Lair:4   | Found a shimmering altar of Xom.
 20792 | Lair:4   | Noticed Juriluv's ghost (journeyman MiBe)
 21117 | Lair:5   | Found a runed door.
 21118 | Lair:5   | Found a viscous altar of Jiyva.
 21123 | Lair:5   | Found a staircase to the Slime Pits.
 21131 | Lair:5   | Reached **** piety under Ashenzari
 22168 | Lair:5   | Upgraded the game from 0.22.0-38-g04b72b8 to 0.22.0-40-g68aacdc
 22540 | D:10     | Entered Level 10 of the Dungeon
 22657 | D:10     | Noticed a two-headed ogre
 22666 | D:10     | Killed a two-headed ogre
 23123 | D:10     | Reached ***** piety under Ashenzari
 24315 | Orc:1    | Entered Level 1 of the Orcish Mines
 24417 | Orc:2    | Entered Level 2 of the Orcish Mines
 24638 | Orc:2    | Learned a level 2 spell: Blink
 24797 | Orc:2    | Found a staircase to the Elven Halls.
 24869 | Orc:2    | Found a burning altar of Makhleb.
 25401 | Orc:1    | Noticed a sun demon
 25743 | Orc:1    | Paralysed by an orc sorcerer for 6 turns
 25748 | Orc:1    | Killed from afar by an orc priest

Skill      XL: |  1  2  3  4  5  6  7  8  9 10 11 12 |
---------------+-------------------------------------+-----
Summonings     | 5 6 7 8 9 |  9.6
Fighting       | 1 2 3 4 5 6 7 8 |  8.8
Dodging        | 3 4 5 6 8 9 |  9.2
Spellcasting   | 3 4 5 6 7 8 |  8.0
Air Magic      | 2 4 6 |  6.0
Ice Magic      | 4 6 |  6.0
Shields        | 2 4 |  4.0
Conjurations   | 3 |  3.0
Fire Magic     | 3 |  3.0
Polearms       | 2 5 6 |  6.6
Evocations     | 3 4 |  4.0
Stealth        | |  2.0
Translocations | |  0.7

Action                   |  1- 3 |  4- 6 |  7- 9 | 10-12 || total
-------------------------+-------+-------+-------+-------++-------
Melee: Peck              |     2 |     4 |    10 |    24 ||    40
       Whip              |     1 |       |       |       ||     1
       Dagger            |     6 |    29 |    38 |       ||    73
       Kick              |     3 |     8 |     9 |    36 ||    56
       Halberd           |       |       |    27 |   160 ||   187
Throw: Stone             |     1 |       |    10 |     9 ||    20
 Cast: Summon Small Mamm |    60 |    17 |       |       ||    77
       Call Imp          |    38 |    63 |    25 |     1 ||   127
       Call Canine Famil |       |     6 |     5 |     1 ||    12
       Summon Lightning  |       |       |    70 |   141 ||   211
       Summon Ice Beast  |       |       |    10 |    86 ||    96
       Conjure Flame     |       |       |       |     5 ||     5
Invok: Curse Item        |       |       |     3 |     1 ||     4
 Abil: Fly               |       |    14 |    34 |    73 ||   121
  Use: Scroll            |       |    11 |     6 |     9 ||    26
       Potion            |       |       |       |     1 ||     1
 Stab: Sleeping          |     1 |     3 |     2 |       ||     6
       Distracted        |       |     1 |     2 |     8 ||    11
  Eat: Chunk             |     9 |    14 |    43 |    87 ||   153
       Ration            |       |     1 |       |     4 ||     5
Armor: Robe              |     8 |     3 |       |       ||    11
       Leather armour    |       |     1 |    16 |    12 ||    29
       Acid dragon scale |       |       |       |    11 ||    11
Dodge: Dodged            |    27 |    27 |   102 |   163 ||   319
